 Dungeon Crawl Stone Soup version 0.30-a0-305-g026cb31310 (webtiles) character file.

Game seed: 16611020528175397685

63 NinjaNoafa the Trooper (level 3, -2/51 HPs)
             Began as a Minotaur Fighter on Oct 21, 2022.
             Killed by divine providence
             ... invoked by an orc priest
              (11 damage)
             ... on level 3 of the Dungeon.
             The game lasted 00:03:04 (1447 turns).

NinjaNoafa the Trooper (Minotaur Fighter)           Turns: 1447, Time: 00:03:05

Health: -2/51      AC: 21    Str: 21    XL:     3   Next: 89%
Magic:  2/2        EV:  2    Int:  9    God:
Gold:   154        SH:  0    Dex:  8    Spells: 2/2 levels left

rFire   + . .      SeeInvis .    a - +0 war axe
rCold   + . .      Faith    .    j - +0 kite shield
rNeg    . . .      Spirit   .    (body armour currently unavailable)
rPois   +          Reflect  .    (helmet currently unavailable)
rElec   +          Harm     .    (cloak currently unavailable)
rCorr   +          Rampage  .    (gloves currently unavailable)
Will    +....      NoTele   +    (boots currently unavailable)
Stlth   +.........               (no amulet)
HPRegen 0.28/turn                (no ring)
MPRegen 0.08/turn                (no ring)

@: confused, mighty, tree-form, resistant, attractive
A: stationary, stasis, torment immunity, boosted hp, (horns 2), (retaliatory
headbutt), clever 1, strong-willed 1
a: no special abilities


You were on level 3 of the Dungeon.
You were a tree.
You visited 1 branch of the dungeon, and saw 3 of its levels.

You collected 154 gold pieces.

Inventory:

Hand Weapons
 a - a +0 war axe (weapon)
Missiles
 f - 10 stones (quivered)
Armour
 b - a +0 scale mail (melded)
 j - a +0 kite shield (worn)
Scrolls
 e - a scroll of enchant armour {unknown}
 g - 3 scrolls of identify {unknown}
 h - a scroll of vulnerability {unknown}
 i - a scroll of fear {unknown}
 l - a scroll of immolation {unknown}
 m - 2 scrolls of teleportation {unknown}
 q - a scroll of enchant weapon {unknown}
Potions
 d - a potion of might
 p - a potion of attraction


   Skills:
 * Level 4.7 Fighting
 + Level 3.4 Axes
 - Level 4.0 Armour
 - Level 4.0 Shields


You had 2 spell levels left.
You didn't know any spells.
Your spell library contained the following spells:

 Spells                   Type           Power      Damage    Failure   Level
 Apportation              Tloc           0%         N/A       77%         1
 Alistair's Intoxication  Tmut/Pois      0%         N/A       100%        5


Dungeon Overview and Level Annotations

Branches:
Dungeon (3/15)

Altars:
Cheibriados


Innate Abilities, Weirdness & Mutations

You are a tree.
Your roots penetrate the ground, keeping you stationary.
You cannot be teleported.
You are immune to unholy pain and torment.
Your maximum health is greatly increased.
Your equipment is partially melded.
((You have a pair of horns on your head.))
((You reflexively headbutt those who attack you in melee.))
Your mind is acute. (Int +4, Str/Dex -1)
You are strong-willed. (Will+)


Message History

You cannot move. (Use ctrl+direction or * direction to attack while stationary and confused.)
You cannot move. (Use ctrl+direction or * direction to attack while stationary and confused.)
You attack the rock wall.
The orc priest hits you but does no damage.
The orc wizard hits you but does no damage.
The orc hits you but does no damage.
You closely miss the orc wizard. You closely miss the orc.
You closely miss the orc priest.
The orc priest calls down the wrath of Beogh upon you.
Beogh smites you!
The orc wizard hits you but does no damage.
The orc hits you but does no damage. x2
The orc wizard hits you but does no damage.
The orc priest mumbles some strange prayers to Beogh against you.
Beogh smites you!
* * * LOW HITPOINT WARNING * * *
You feel very mighty all of a sudden.
The orc priest hits you but does no damage.
The orc wizard casts a spell at you.
The magic dart hits you but does no damage.
The orc hits you but does no damage.
You barely miss the orc wizard. You hit the orc.
You closely miss the orc priest.
The orc priest looks encouraged for a moment.
The orc wizard hits you but does no damage.
The orc barely misses you.
You attack the rock wall.
The orc priest hits you but does no damage.
The orc wizard hits you but does no damage.
The orc hits you but does no damage.
The orc wizard hits you but does no damage.
The orc priest hits you but does no damage.
The orc hits you but does no damage.
You closely miss the orc wizard. You slash the orc!
You kill the orc!
You barely miss the orc priest.
The orc wizard hits you but does no damage.
The orc priest invokes the aid of Beogh against you.
Beogh smites you!
You die...

.. ..##
#####.>..
##
#.......
#.
#.....###
#.
#........
.. #.
#)o..#
... #.
#♣o..#
...###
#.####
......
#.#
......
#.#
......
#.#.#
......
#.#.#
.##...
#.#.#
####
#.#.# #
#.#.# #


You could see an orc priest and an orc wizard.

Vanquished Creatures
  2 adders
  A white imp (D:3)
  2 dart slugs (D:1)
  An orc (D:3)
  3 ball pythons
  A bat (D:1)
  3 endoplasms (D:2)
  3 giant cockroaches
  5 hobgoblins
  2 kobolds (D:1)
  2 quokkas
  2 frilled lizards
  2 goblins
  4 rats
33 creatures vanquished.

Notes
Turn   | Place    | Note
-------+----------+-------------------------------------------
     0 | D:1      | NinjaNoafa the Minotaur Fighter began the quest for the
                  | Orb.
     0 | D:1      | Reached XP level 1. HP: 19/19 MP: 0/0
   160 | D:1      | Reached XP level 2. HP: 22/27 MP: 1/1
   862 | D:2      | Found a snail-covered altar of Cheibriados.
   875 | D:2      | Reached XP level 3. HP: 28/33 MP: 2/2
  1438 | D:3      | HP: 1/51 [orc priest/+0 club (3)]
  1440 | D:3      | Gained mutation: You are strong-willed. (Will+) [potion of
                  | mutation]
  1440 | D:3      | Gained mutation: Your mind is acute. (Int +4, Str/Dex -1)
                  | [potion of mutation]
  1447 | D:3      | Killed from afar by an orc priest

Illustrated notes

Levels and vault maps discovered:
D:1:      scummos_arrival_forest, layout_loops_ring, minmay_tromino_i4
D:2:      layout_basic, basic_altar
D:3:      layout_basic

Skill      XL: |  1  2 |
---------------+-------+-----
Fighting       | 4 |  4.7
Armour         | 4 |  4.0
Shields        | 4 |  4.0
Axes           | 3 |  3.4

Action                   || total
-------------------------++-------
Melee: War axe           ||    73
       Headbutt          ||     8
  Use: Potion            ||     6
Armor: Scale mail        ||    42
       Skin              ||    24
Dodge: Dodged            ||    30
Block: Buckler           ||    11
       Kite shield       ||    20

Table legend: (Time is in decaauts)
 A = Elapsed time spent in this place.
 B = Non-inter-level travel time spent in this place.
 C = Inter-level travel time spent in this place.
 D = Time resting spent in this place.
 E = Time spent auto-exploring this place.
 F = Levels seen in this place.
 G = Mean time per level.
                   A        B        C        D        E       F      G
               +--------+--------+--------+--------+--------+-----+--------+
         Total |   1483 |   1430 |     53 |      0 |   1166 |   3 |  494.3 |
       Dungeon |   1483 |   1430 |     53 |      0 |   1166 |   3 |  494.3 |
               +--------+--------+--------+--------+--------+-----+--------+

Top non-repeatable levels by time:
     D:1: 708 daAuts
     D:2: 596 daAuts
     D:3: 178 daAuts
